 Dungeon Crawl Stone Soup version 0.27.1-4-g1640c2035a (webtiles) character file.

Game seed: 12458648876315891713

20 Crownlay the Chucker (level 2, 0/28 (31) HPs)
             Began as an Ogre Hunter on Nov 5, 2021.
             Slain by a kobold (1 damage)
             ... on level 2 of the Dungeon.
             The game lasted 00:01:21 (977 turns).

Crownlay the Chucker (Ogre Hunter)                   Turns: 977, Time: 00:01:22

HP:   0/28 (31)     AC:  3    Str: 13 (15) XL:     2   Next: 79%
MP:   2/2           EV:  9    Int: 10 (12) God:
Gold: 32            SH:  0    Dex:  8 (9)  Spells: 1/1 levels left

rFire    . . .     SeeInvis .   m - +1 whip (drain)
rCold    . . .     Faith    .   (no shield)
rNeg     . . .     Spirit   .   b - +0 robe
rPois    .         Reflect  .   (helmet restricted)
rElec    .         Harm     .   (no cloak)
rCorr    .         Rampage  .   (gloves unavailable)
Will     .....                  (boots unavailable)
Stlth    +.........             (no amulet)
HPRegen  0.09/turn              (no ring)
MPRegen  0.08/turn              (no ring)

@: drained
A: large, unfitting armour, tough skin 1
a: no special abilities


You were on level 2 of the Dungeon.
You visited 1 branch of the dungeon, and saw 2 of its levels.

You collected 32 gold pieces.

Inventory:

Hand Weapons
 m - a +1 whip of draining (weapon)
Missiles
 c - 5 large rocks (quivered)
 d - 2 throwing nets
Armour
 b - a +0 robe (worn)
Scrolls
 a - a scroll of magic mapping {unknown}
 e - a scroll of vulnerability {unknown}
 g - 3 scrolls of identify {unknown}
 h - a scroll of enchant weapon {unknown}
 l - a scroll of teleportation {unknown}
Potions
 f - a potion of might {unknown}
 i - a potion of degeneration
 j - a potion of attraction {unknown}
 k - a potion of haste {unknown}
 n - a potion of berserk rage {unknown}


   Skills:
 + Level 3.1 Fighting
 + Level 0.7 Maces & Flails
 * Level 4.4 Throwing
 - Level 1.7 Dodging
 - Level 0.6 Stealth


You had one spell level left.
You didn't know any spells.
Your spell library contained the following spells:

 Spells                   Type           Power      Damage    Failure   Level
 Slow                     Hex            0%         N/A       50%         2
 Confusing Touch          Hex            0%         N/A       75%         3
 Yara's Violent Unravell  Hex/Tmut       0%         3d3       100%        5


Dungeon Overview and Level Annotations

Branches:
Dungeon (2/15)

Altars:


Innate Abilities, Weirdness & Mutations

You are too large for most types of armour.
You have tough skin. (AC +1)


Message History

You barely miss the adder.
The adder is heavily wounded.
The ball python barely misses you. The adder bites you but does no damage.
The kobold hits you with a +0 dagger. The ball python bites you.
You barely miss the adder.
The adder is heavily wounded.
The adder closely misses you. The ball python bites you.
The kobold closely misses you. The adder barely misses you.
You don't know any spells.
Sorry, you're not good enough to have a special ability.
You closely miss the adder.
The adder is heavily wounded.
The ball python barely misses you. The adder bites you.
The kobold hits you but does no damage.
You barely miss the adder.
The adder is heavily wounded.
The ball python closely misses you. The adder bites you but does no damage.
The kobold closely misses you.
You barely miss the adder.
The adder is heavily wounded.
The adder bites you. The ball python bites you.
The kobold hits you with a +0 dagger. The adder bites you but does no damage.
The ball python bites you. The adder bites you.
* * * LOW HITPOINT WARNING * * *
You are poisoned.
The adder poisons you! The ball python bites you.
* * * LOW HITPOINT WARNING * * *
You feel sick. The ball python bites you.
* * * LOW HITPOINT WARNING * * *
You feel sick.
You are no longer poisoned.
The adder bites you but does no damage.
It was a potion of degeneration.
There was something very wrong with that liquid.
You feel weakened.
You feel dopey.
You feel clumsy. The ball python bites you.
* * * LOW HITPOINT WARNING * * *
The adder bites you but does no damage. The kobold hits you with a +0 dagger.
You die...

##.....##
#.......#
#.......#
#.......#
##......####
#..........#
#....K..#
#....S@<#
##...S.##
##...##
#.....
#.....#
#.......
#$......#
#........


You could see an adder (drained), a ball python and a kobold.

Vanquished Creatures
  2 endoplasms (D:1)
  3 hobgoblins (D:1)
  3 jackals (D:1)
  A quokka (D:1)
  2 ball pythons (D:1)
  A bat (D:1)
  3 frilled lizards (D:1)
  2 kobolds (D:1)
  3 rats (D:1)
20 creatures vanquished.

Notes
Turn   | Place    | Note
-------+----------+-------------------------------------------
     0 | D:1      | Crownlay the Ogre Hunter began the quest for the Orb.
     0 | D:1      | Reached XP level 1. HP: 22/22 MP: 1/1
   192 | D:1      | Reached XP level 2. HP: 31/31 MP: 2/2
   977 | D:2      | HP: 1/28 [ball python (1)]
   977 | D:2      | Slain by a kobold

Illustrated notes

Levels and vault maps discovered:
D:1:      mrwooster_arrival_statue_2, layout_basic, interstate_on_off,
          minmay_small_reverse_x
D:2:      layout_rooms, uniq_robin

Skill      XL: |  1 |
---------------+----+-----
Fighting       | 3 |  3.1
Maces & Flails | |  0.7
Throwing       | |  4.4
Dodging        | |  1.7
Stealth        | |  0.6

Action                   || total
-------------------------++-------
Melee: Short sword       ||    62
       Whip              ||     9
  Use: Potion            ||     1
 Stab: Sleeping          ||     1
Armor: Robe              ||    25
Dodge: Dodged            ||    51
